 Dungeon Crawl Stone Soup version 0.26-a0-712-ga5a9c9c9d0 (webtiles) character file.

Game seed: 12277157594794085950

1033 kae the Insei (level 8, 0/46 HPs)
             Began as an Octopode Transmuter on Nov 10, 2020.
             Was an Initiate of Hepliaklqana.
             Slain by a two-headed ogre
             ... wielding a cursed -2 giant spiked club
              (10 damage)
             ... on level 7 of the Dungeon.
             The game lasted 00:06:41 (9132 turns).

kae the Insei (Octopode Transmuter)                 Turns: 9132, Time: 00:06:42

Health: 0/46       AC:  2    Str: 11    XL:     8   Next: 24%
Magic:  12/12      EV: 14    Int: 16    God:    Hepliaklqana [......]
Gold:   423        SH:  0    Dex: 12    Spells: 9/13 levels left

rFire    . . .     SeeInvis .     - Unarmed
rCold    . . .     Faith    .   (no shield)
rNeg     . . .     Spirit   .   q - +1 hat
rPois    .         Reflect  .   (no amulet)
rElec    .         Harm     .   (no ring)
rCorr    .         Rampage  .   (no ring)
MR       .....                  (no ring)
Stlth    +++.......             (no ring)
HPRegen  0.15/turn              (no ring)
MPRegen  0.13/turn              (no ring)
                                (no ring)
                                (no ring)

@: no status effects
A: almost no armour, stealthy swim, amphibious, 8 rings, constrict 8, reduced
essence, camouflage 1, gelatinous body 1
a: Recall Ancestor, Ancestor Identity, Renounce Religion


You were on level 7 of the Dungeon.
You worshipped Hepliaklqana.
Hepliaklqana was noncommittal.
You visited 2 branches of the dungeon, and saw 8 of its levels.

You collected 423 gold pieces.

Inventory:

Armour
 q - a +1 hat (worn)
Jewellery
 d - an uncursed ring of fire
 w - a cursed -4 ring of dexterity {unknown}
Wands
 i - a wand of acid (10)
 p - a wand of iceblast (9)
 v - a wand of polymorph (6)
Scrolls
 a - 3 scrolls of identify
 b - a scroll of magic mapping
 c - 2 scrolls of blinking
 e - a scroll of enchant weapon
 g - 3 scrolls of noise
 l - a scroll of teleportation
 m - 2 scrolls of remove curse
 x - a scroll of immolation {unknown}
Potions
 f - 3 potions of haste
 h - 2 potions of heal wounds
 j - 2 potions of flight
 k - 4 potions of curing
 n - a potion of degeneration
 o - 3 potions of stabbing
 r - a potion of magic
 s - a potion of brilliance
 t - a potion of lignification
 u - a potion of invisibility


   Skills:
 + Level 3.3 Fighting
 + Level 3.9 Dodging
 - Level 4.0 Stealth
 * Level 5.7 Unarmed Combat
 - Level 3.0 Spellcasting
 * Level 5.2 Transmutations


You had 9 spell levels left.
You knew the following spells:

 Your Spells              Type           Power        Failure   Level
a - Beastly Appendage     Tmut           ###...       2%          1
b - Spider Form           Tmut/Pois      ##........   19%         3

Your spell library contained the following spells:

 Spells                   Type           Power        Failure   Level
 Wereblood                Tmut           ###.....     3%          2
 Magic Dart               Conj           #...         19%         1
 Blink                    Tloc           N/A          28%         2
 Call Imp                 Summ           #.......     28%         2
 Slow                     Hex            #.......     28%         2
 Conjure Flame            Conj/Fire      #.......     50%         3
 Mephitic Cloud           Conj/Pois/Air  #.......     50%         3
 Blade Hands              Tmut           ###.......   52%         5
 Ice Form                 Ice/Tmut       ##......     54%         4


Dungeon Overview and Level Annotations

Branches:
Dungeon (7/15)             Temple (1/1) D:6

Altars:
Ashenzari
Cheibriados
Dithmenos
Elyvilon
Fedhas
Gozag
Hepliaklqana
Makhleb
Nemelex Xobeh
Okawaru
Ru
Sif Muna
Trog
Uskayaw
Vehumet
Wu Jian
Xom
Yredelemnul
Zin
The Shining One

Annotations:
D:4 3 runed translucent doors, HunterMK's ghost, novice HOFi
D:7 exclusion: hornet


Innate Abilities, Weirdness & Mutations

You cannot wear most types of armour.
You are very stealthy in the water. (Stealth+)
You are amphibious.
You can wear up to eight rings at the same time.
You can use your tentacles to constrict eight enemies at once.
Your skin changes colour to match your surroundings (Stealth+).
Your rubbery body absorbs attacks. (AC +1, EV +1)
Your life essence is reduced to manifest your ancestor. (-10% HP)


Message History

A two-headed ogre is nearby!
A two-headed ogre is nearby!
You swap places.
The two-headed ogre hits Nolwazi with a cursed -2 giant spiked club!!
The two-headed ogre hits Nolwazi with a +0 giant spiked club!!
Nolwazi is destroyed!
A jackal comes into view.
The jackal barks!
You tentacle-slap the jackal. Your grab misses the jackal.
Your squeeze misses the jackal.
The jackal is severely wounded.
The jackal bites you but does no damage.
The jackal closely misses you.
You barely miss the jackal. Your grab misses the jackal.
The jackal is severely wounded.
The jackal barely misses you.
You closely miss the jackal. Your grab misses the jackal.
The jackal is severely wounded.
The two-headed ogre hits you with a cursed -2 giant spiked club!
You die...

#..###.......#
###...†........#
#...####....####
#.#.# #....#
#.#.# ######
#.#######
#.......#
#######h# #@#
#O# #.# #######
#.# ......# #.#
......# #.#
......#
#.##......#
#...O......
###########


You could see a two-headed ogre and a jackal.

Vanquished Creatures
  An ogre (D:6)
  A centaur (D:6)
  A scorpion (D:7)
  A water moccasin skeleton (D:6)
  2 hounds
  A centaur skeleton (D:6)
  An orc wizard (D:4)
  4 iguanas
  6 worker ants
  4 gnolls
  7 adders
  2 white imps
  An ufetubus (D:7)
  An ooze (D:2)
  2 adder skeletons
  6 worms
  5 dart slugs
  9 leopard geckos
  7 orcs
  5 giant cockroaches
  3 goblins
  8 hobgoblins
  5 kobolds
  4 quokkas
  3 ball pythons
  6 bats
  5 frilled lizards
  2 quokka skeletons (D:5)
  3 rats
106 creatures vanquished.

Vanquished Creatures (collateral kills)
  An orc warrior (D:6)
  A wyvern skeleton (D:6)
  An adder (D:6)
  3 orcs (D:6)
  A rat (D:6)
7 creatures vanquished.

Vanquished Creatures (others)
  3 ancestors
  93 plants
96 creatures vanquished.

Grand Total: 209 creatures vanquished

Notes
Turn   | Place    | Note
-------+----------+-------------------------------------------
     0 | D:1      | kae the Octopode Transmuter began the quest for the Orb.
     0 | D:1      | Reached XP level 1. HP: 13/13 MP: 3/3
   334 | D:1      | Reached XP level 2. HP: 15/18 MP: 3/5
  1240 | D:2      | Reached skill level 1 in Stealth
  1240 | D:2      | Reached XP level 3. HP: 13/23 MP: 6/6
  1489 | D:2      | Learned a level 3 spell: Spider Form
  1931 | D:2      | Reached XP level 4. HP: 25/28 MP: 5/7
  2752 | D:2      | Found a glowing golden altar of the Shining One.
  2879 | D:3      | Found a faded altar of an unknown god.
  3543 | D:3      | Reached XP level 5. HP: 27/33 MP: 6/8
  3940 | D:4      | You fall into a shaft and drop 1 floor!
  3940 | D:5      | Entered Level 5 of the Dungeon
  4001 | D:4      | Found an iron altar of Okawaru.
  4408 | D:4      | Found a runed translucent gate.
  4409 | D:4      | Found a runed translucent gate.
  4409 | D:4      | Found a runed translucent gate.
  4410 | D:4      | Found an opulent altar of Gozag.
  4411 | D:4      | Noticed HunterMK's ghost (novice HOFi)
  5091 | D:4      | Reached XP level 6. HP: 18/39 MP: 7/10
  6893 | D:5      | Reached XP level 7. HP: 40/45 MP: 9/11
  7642 | D:6      | Reached skill level 5 in Unarmed Combat
  7837 | D:6      | Found a staircase to the Ecumenical Temple.
  7850 | Temple   | Entered the Ecumenical Temple
  7949 | Temple   | Became a worshipper of Hepliaklqana the Forgotten
  8301 | D:6      | Reached XP level 8. HP: 33/46 MP: 10/12
  8453 | D:6      | Reached skill level 5 in Transmutations
  8976 | D:7      | Noticed a hornet
  9120 | D:7      | Noticed a two-headed ogre
  9132 | D:7      | Slain by a two-headed ogre

Illustrated notes

Levels and vault maps discovered:
D:1:      minmay_arrival_wavy_path, layout_loops_ring, chequers_mini_garden,
          minmay_shallow_snake_nest
D:2:      kennysheep_big_flooded_room, layout_basic, tso_metal_star
D:3:      layout_loops_corners, chequers_ecumenical_altar_island,
          serial_bayou_lagoon_a
D:4:      layout_gridville, ebering_ghost_gozag, okawaru_trees_1
D:5:      layout_gridville, kennysheep_boxes
D:6:      layout_loops_ring, minmay_temple_entry_drinking_statues,
          portal_sewer_entry_a, minmay_strange_pillars, serial_park_tiny_1
D:7:      layout_basic
Temple:   regret_index_temple_sigil_plot

Skill      XL: |  1  2  3  4  5  6  7  8 |
---------------+-------------------------+-----
Stealth        | 1 2 3 4 |  4.0
Transmutations | 3 4 5 |  5.2
Unarmed Combat | 4 5 |  5.7
Fighting       | 2 3 |  3.3
Dodging        | 3 |  3.9
Spellcasting   | 3 |  3.0

Action                   |  1- 3 |  4- 6 |  7- 9 || total
-------------------------+-------+-------+-------++-------
Melee: Unarmed           |    65 |   163 |    98 ||   326
       Constrict         |    19 |    39 |    11 ||    69
       Tentacles         |    12 |    24 |     9 ||    45
       Kick              |    14 |    21 |     8 ||    43
       Punch             |     1 |     3 |       ||     4
 Cast: Beastly Appendage |    13 |    27 |    11 ||    51
       Spider Form       |       |     8 |     6 ||    14
  Use: Potion            |       |     3 |       ||     3
       Scroll            |       |    12 |     6 ||    18
 Stab: Sleeping          |     4 |     7 |     4 ||    15
Armor: Skin              |     6 |     9 |     5 ||    20
Dodge: Dodged            |    31 |   104 |    77 ||   212

Table legend: (Time is in decaauts)
 A = Elapsed time spent in this place.
 B = Non-inter-level travel time spent in this place.
 C = Inter-level travel time spent in this place.
 D = Time resting spent in this place.
 E = Time spent auto-exploring this place.
 F = Levels seen in this place.
 G = Mean time per level.
                   A        B        C        D        E       F      G
               +--------+--------+--------+--------+--------+-----+--------+
         Total |   9091 |   8857 |    234 |    622 |   6911 |   8 | 1136.4 |
       Dungeon |   8969 |   8756 |    213 |    622 |   6826 |   7 | 1281.3 |
        Temple |    121 |    100 |     21 |      0 |     85 |   1 |  121.0 |
               +--------+--------+--------+--------+--------+-----+--------+

Top non-repeatable levels by time:
     D:4: 1809 daAuts
     D:5: 1443 daAuts
     D:3: 1426 daAuts
     D:2: 1426 daAuts
     D:1: 1382 daAuts
     D:6: 1208 daAuts
     D:7: 272 daAuts
  Temple: 121 daAuts
